 Dungeon Crawl Stone Soup version 0.21-a0-578-gc6e9d75 (webtiles) character file.

32097 polly the Basher (level 13, -5/86 HPs)
             Began as a Gargoyle Berserker on Dec 19, 2017.
             Was a High Priest of Trog.
             Slain by a yak (8 damage)
             ... on level 3 of the Lair of Beasts.
             The game lasted 00:29:59 (19101 turns).

polly the Basher (Gargoyle Berserker)              Turns: 19101, Time: 00:29:59

Health: -5/86      AC: 27    Str: 23    XL:     13   Next: 62%
Magic:  13/13      EV: 11    Int:  8    God:    Trog [*****.]
Gold:   538        SH:  2    Dex: 12    Spells: 12/12 levels left

rFire    . . .     SeeInvis .   B - +2 flail (protect)
rCold    . . .     Gourm    .   (no shield)
rNeg     + . .     Faith    .   h - +1 chain mail
rPois    ∞         Spirit   .   (no helmet)
rElec    +         Reflect  +   p - +0 cloak
rCorr    +         Harm     .   (no gloves)
MR       ++...                  (no boots)
Stlth    ..........             t - +2 amulet of reflection
HPRegen  1.24/turn              u - ring of resist corrosion
MPRegen  0.13/turn              A - +3 ring of protection

@: berserk cooldown, regenerating, slowed, very slow
A: negative energy resistance 1, electricity resistance, unbreathing,
petrification resistance, rot immunity, AC +9
a: Berserk, Trog's Hand, Brothers in Arms, Burn Spellbooks, Renounce Religion


You were on level 3 of the Lair of Beasts.
You worshipped Trog.
Trog was extremely pleased with you.
You were hungry.

You visited 3 branches of the dungeon, and saw 14 of its levels.

You collected 1460 gold pieces.
You spent 922 gold pieces at shops.

Inventory:

Hand Weapons
 B - a +2 flail of protection (weapon)
Armour
 h - a +1 chain mail (worn)
 p - a +0 cloak (worn)
Jewellery
 e - an uncursed ring of wizardry {unknown}
 k - a +3 ring of evasion
 t - a +2 amulet of reflection (around neck)
 u - a ring of resist corrosion (left hand)
 v - an uncursed ring of see invisible
 y - an uncursed amulet of guardian spirit
 A - a +3 ring of protection (right hand)
 I - an uncursed ring of protection from magic
Wands
 n - a wand of acid (9)
 r - a wand of iceblast (10)
 D - a wand of enslavement (13)
 G - a wand of disintegration (10)
 K - a wand of flame (24)
 L - a wand of digging (14)
 M - a wand of paralysis (19)
 O - a wand of clouds (5)
Scrolls
 a - 2 scrolls of immolation {unknown}
 b - 3 scrolls of remove curse
 f - 2 scrolls of enchant weapon
 i - 4 scrolls of teleportation
 w - a scroll of magic mapping {unknown}
 z - 4 scrolls of noise {unknown}
 E - 3 scrolls of identify
 F - 5 scrolls of enchant armour
 H - a scroll of fog
Potions
 d - a potion of agility
 g - a potion of magic
 j - 2 potions of invisibility
 m - 2 potions of brilliance {unknown}
 o - 2 potions of cancellation
 q - a potion of mutation {unknown}
 s - 2 potions of flight {unknown}
 x - a potion of resistance
 C - 3 potions of lignification {unknown}
Comestibles
 c - 14 rations


   Skills:
 + Level 12.1 Fighting
 + Level 14.7 Maces & Flails
 + Level 12.9 Armour
 + Level 5.1 Dodging
 + Level 3.2 Stealth
 + Level 1.0 Evocations


You had 12 spell levels left.
You didn't know any spells.

Dungeon Overview and Level Annotations

Branches:
Dungeon (9/15)             Temple (0/1) D:5            Lair (3/6) D:8
  Swamp (0/4) Lair:2       Spider (0/4) Lair:3          Orc (2/2) D:9
    Elf (0/3) Orc:2

Altars:
Dithmenos
Fedhas
Gozag
Sif Muna
Trog
Yredelemnul
Zin
The Shining One

Shops:
D:9 =*(?   Orc:2 :}**


Innate Abilities, Weirdness & Mutations

You are resistant to torment.
Your stone body is resilient. (AC +9)
You are immune to poison.
You resist negative energy. (rN+)
You are resistant to electric shocks. (rElec)
You can survive without breathing.
You are immune to petrification.
You are immune to rotting.


Message History

The yak gores you but does no damage.
(D) Dungeon (T) Temple (L) Lair (S) Swamp (N) Spider Nest (O) Orcish Mines (E) Elven Halls
Where to? (Enter - Lair:2 @ (x,y), ? - help)
Okay, then.
Unknown command.
Evoke which item? (* to show all) (? for menu, Esc to quit)
Aiming: Disintegrate
Press: ? - help, Shift-Dir - straight line, f/p - yak
Aim: a yak (heavily wounded, chance to defeat MR: 70%)
The yak is blasted.
The yak gores you but does no damage. The yak gores you.
* * * LOW HITPOINT WARNING * * *
You block the yak's attack.
Unknown command.
Okay, then.
Okay, then.
Your skin crawls.
You feel resistant to hostile enchantments.
You feel somewhat more hungry. The yak gores you!
You die...

####### #######
#..##.######P.##.####
.............[......
..................#
..................#
.....#....#P....@†##
........P.##...Y.Y.#
......#...#.......#.....
......#(...#.......#....
.....##...........#.....
..........#.......#..#..
.....##...##...."..#..PP
......#.. .........PP..
........ ............P.


You could see 2 yaks.

Vanquished Creatures
  Rupert (Lair:3)
  Snorg (Lair:3)
  A hydra (Lair:3)
  7 orc high priests
  The ghost of porpoise the Conjurer, a novice DsVM of Sif Muna (D:8)
  8 orc knights
  6 orc sorcerers
  2 oklob plants (Lair:3)
  The ghost of tabacat the Poker, a novice MiFi (D:5)
  A black mamba (Lair:3)
  A torpor snail (Lair:3)
  5 komodo dragons
  4 trolls
  5 blink frogs
  A hippogriff (Lair:2)
  Grinder (D:5)
  A human (D:8)
  17 yaks
  A basilisk (Lair:2)
  4 hogs (D:8)
  A hungry ghost (D:7)
  3 wargs
  3 porcupines
  Edmund (D:6)
  6 water moccasins
  2 sky beasts
  2 phantoms
  An eye of draining (D:7)
  43 orc warriors
  2 necrophages
  6 ogres
  5 centaurs
  2 crocodiles (Lair:2)
  A big kobold (D:7)
  6 bullfrogs
  A water moccasin zombie (D:5)
  3 scorpions
  A water moccasin skeleton (D:7)
  A howler monkey (D:4)
  A bullfrog zombie (D:7)
  2 crimson imps
  A quasit (D:7)
  A bullfrog skeleton (D:6)
  4 hounds
  17 orc priests
  4 jellies
  12 orc wizards
  Crazy Yiuf (D:3)
  5 iguanas
  A centaur skeleton (D:6)
  6 worker ants
  2 hound zombies
  A hound skeleton (D:7)
  A worker ant zombie (D:5)
  10 adders
  2 shadow imps
  2 oozes
  3 worms
  2 leopard geckos
  71 orcs
  7 giant cockroaches
  5 goblins
  6 hobgoblins
  13 jackals
  A quokka (D:6)
  A ball python skeleton (D:4)
  5 bats
  6 frilled lizards
  A giant cockroach zombie (D:6)
  8 kobolds
  A quokka skeleton (D:7)
  3 rats
365 creatures vanquished.

Vanquished Creatures (others)
  An orc priest (Orc:2)
  2 orcs (Orc:2)
  3 plants
6 creatures vanquished.

Grand Total: 371 creatures vanquished

Notes
Turn   | Place    | Note
-------+----------+-------------------------------------------
     0 | D:1      | polly the Gargoyle Berserker began the quest for the Orb.
     0 | D:1      | Reached XP level 1. HP: 14/14 MP: 1/1
   517 | D:2      | Reached XP level 2. HP: 19/19 MP: 2/2
   657 | D:2      | Reached XP level 3. HP: 23/24 MP: 3/3
  1009 | D:2      | Found a blossoming altar of Fedhas.
  1149 | D:3      | Reached XP level 4. HP: 28/29 MP: 4/4
  1161 | D:3      | Reached ** piety under Trog
  1176 | D:3      | Found a faded altar of an unknown god.
  1199 | D:3      | Found a glowing silver altar of Zin.
  1649 | D:3      | Found a runed door.
  1717 | D:3      | Reached skill level 4 in Maces & Flails
  1728 | D:3      | Found an opulent altar of Gozag.
  2316 | D:3      | Noticed Crazy Yiuf
  2324 | D:3      | Killed Crazy Yiuf
  2324 | D:3      | Reached XP level 5. HP: 20/33 MP: 5/5
  2608 | D:4      | Reached skill level 5 in Maces & Flails
  2608 | D:4      | Reached XP level 6. HP: 29/38 MP: 6/6
  3265 | D:5      | Entered Level 5 of the Dungeon
  3297 | D:5      | Found a basalt altar of Yredelemnul.
  3320 | D:5      | Noticed tabacat's ghost (novice MiFi)
  3346 | D:5      | Killed tabacat's ghost
  3346 | D:5      | Reached skill level 5 in Fighting
  3346 | D:5      | Reached skill level 6 in Maces & Flails
  3346 | D:5      | Reached XP level 7. HP: 18/44 MP: 7/7
  3576 | D:5      | Noticed Grinder
  3607 | D:5      | Paralysed by Grinder for 3 turns
  3613 | D:5      | Killed Grinder
  3613 | D:5      | Reached skill level 7 in Maces & Flails
  3613 | D:5      | Reached skill level 5 in Armour
  3613 | D:5      | Reached XP level 8. HP: 25/49 MP: 8/8
  3736 | D:5      | Reached *** piety under Trog
  4326 | D:5      | Found a staircase to the Ecumenical Temple.
  4536 | D:6      | Found a glowing golden altar of the Shining One.
  4558 | D:6      | Reached skill level 8 in Maces & Flails
  4844 | D:6      | Found a deep blue altar of Sif Muna.
  5025 | D:6      | You fall through a shaft for 2 floors!
  5046 | D:8      | Noticed porpoise's ghost (novice DsVM)
  5049 | D:7      | Found a bloodstained altar of Trog.
  5049 | D:7      | Found a shadowy altar of Dithmenos.
  5241 | D:7      | Reached XP level 9. HP: 55/55 MP: 9/9
  5331 | D:7      | Reached skill level 9 in Maces & Flails
  5377 | D:7      | Found a shadowy altar of Dithmenos.
  5565 | D:7      | Reached **** piety under Trog
  6273 | D:6      | Noticed Edmund
  6319 | D:6      | Killed Edmund
  6319 | D:6      | Reached skill level 10 in Maces & Flails
  7069 | D:8      | Killed porpoise's ghost
  7069 | D:8      | Reached skill level 1 in Stealth
  7069 | D:8      | Reached XP level 10. HP: 63/63 MP: 10/10
  7206 | D:8      | Found a staircase to the Lair.
  7919 | D:8      | Reached skill level 11 in Maces & Flails
  8253 | D:9      | Found a staircase to the Orcish Mines.
  8501 | D:9      | Found Jount's Magic Scroll Shoppe.
  8509 | D:9      | Found Ranuumapa's General Store.
  8514 | D:9      | Found Voklarig's Antique Weapon Boutique.
  8554 | D:9      | Found Igothreo's Jewellery Boutique.
  8667 | Orc:1    | Entered Level 1 of the Orcish Mines
  8731 | Orc:1    | Noticed an orc sorcerer
  8732 | Orc:1    | Noticed an orc high priest
  8732 | Orc:1    | Noticed an orc sorcerer
  8737 | Orc:1    | Paralysed by an orc sorcerer for 4 turns
  8739 | Orc:1    | Noticed an orange demon
  8744 | Orc:1    | Noticed a smoke demon
  8751 | Orc:1    | Killed an orc high priest
  8751 | Orc:1    | Reached XP level 11. HP: 69/69 MP: 6/11
  8893 | Orc:1    | Paralysed by an orc sorcerer for 7 turns
  8904 | D:9      | Killed an orc sorcerer
  9164 | D:9      | Killed an orc sorcerer
  9430 | Orc:1    | Reached ***** piety under Trog
  9430 | Orc:1    | Reached skill level 12 in Maces & Flails
  9444 | Orc:1    | Reached skill level 10 in Armour
  9813 | Orc:1    | Noticed an orc knight
  9836 | Orc:1    | Killed an orc knight
  9881 | Orc:1    | Noticed an orc sorcerer
 10133 | Orc:1    | Noticed a sun demon
 10138 | Orc:1    | Killed an orc sorcerer
 10619 | Orc:2    | Entered Level 2 of the Orcish Mines
 10619 | Orc:2    | Noticed an orc high priest
 10628 | Orc:1    | Killed an orc high priest
 10651 | Orc:2    | Noticed an orc sorcerer
 11040 | Orc:2    | Killed an orc sorcerer
 11046 | Orc:2    | Found a staircase to the Elven Halls.
 11054 | Orc:2    | Noticed an orc knight
 11075 | Orc:1    | Killed an orc knight
 11220 | Orc:2    | Noticed an orc knight
 11222 | Orc:2    | Noticed an orc sorcerer
 11241 | Orc:2    | Noticed an orc sorcerer
 11243 | Orc:2    | Killed an orc knight
 11243 | Orc:2    | Received a gift from Trog
 11243 | Orc:2    | Reached XP level 12. HP: 54/77 MP: 5/12
 11622 | Orc:1    | Reached skill level 13 in Maces & Flails
 12324 | Orc:2    | Reached skill level 10 in Fighting
 14342 | Orc:2    | Noticed an orc high priest
 14444 | Orc:2    | Killed an orc high priest
 14588 | Orc:2    | Noticed an orc high priest
 14988 | Orc:2    | Noticed a soul eater
 14988 | Orc:2    | Noticed a soul eater
 14991 | Orc:2    | Killed an orc high priest
 15102 | Orc:2    | Noticed an orc high priest
 15105 | Orc:2    | Noticed a soul eater
 15108 | Orc:2    | Noticed a sun demon
 15448 | Orc:2    | Killed an orc high priest
 15522 | Orc:2    | Noticed an orc high priest
 15531 | Orc:2    | Killed an orc high priest
 15657 | Orc:2    | Noticed an orc high priest
 15671 | Orc:2    | Killed an orc high priest
 15671 | Orc:2    | Reached skill level 14 in Maces & Flails
 15745 | Orc:2    | Found Lostroapn's Assorted Antiques.
 15745 | Orc:2    | Found Zotewkei's Book Boutique.
 15746 | Orc:2    | Found Ikub's Assorted Antiques.
 15746 | Orc:2    | Found Biodid's Gadget Boutique.
 16090 | Lair:1   | Entered Level 1 of the Lair of Beasts
 16131 | D:9      | Bought a dazzling broad axe for 279 gold pieces
 16197 | D:9      | Bought a +3 ring of evasion for 273 gold pieces
 16197 | D:9      | Bought a +2 amulet of reflection for 97 gold pieces
 16197 | D:9      | Bought a +3 ring of protection for 273 gold pieces
 16199 | D:9      | Identified the +3 broad axe of Sicaucas {freeze, rElec rPois Stlth-} (You bought it in a shop on level 9 of the Dungeon)
 16531 | Lair:1   | Reached XP level 13. HP: 75/84 MP: 13/13
 16554 | Lair:1   | Received a gift from Trog
 17021 | Lair:2   | Found a staircase to the Swamp.
 17801 | Lair:3   | Found a hole to the Spider Nest.
 18093 | Lair:3   | Noticed Rupert
 18110 | Lair:3   | HP: 3/85 [Rupert/battleaxe of flaming (18)]
 18456 | Lair:3   | Paralysed by Rupert for 5 turns
 18490 | Lair:3   | Killed Rupert
 18842 | Lair:3   | Reached skill level 5 in Dodging
 19059 | Lair:3   | Noticed Snorg
 19088 | Lair:3   | Killed Snorg
 19088 | Lair:3   | Reached skill level 1 in Evocations
 19098 | Lair:3   | HP: 4/86 [yak (6)]
 19100 | Lair:3   | HP: 1/86 [yak (3)]
 19101 | Lair:3   | Slain by a yak

Vault maps used:
D:1:      dpeg_arrival_stonehenge_12_columns
D:2:      lemuel_coloured_pillars_altar
D:3:      cheibrodos_helix_gallery, zin_academy, grunt_gozag_statues,
          chequers_ecumenical_altar_island, first_ration,
          uniq_crazy_yiuf_cottage
D:4:      kennysheep_generic_room_16
D:5:      overflow_temple_1_default, minmay_temple_entry_nine_rooms,
          uniq_grinder
D:6:      tso_oasis_becter, lemuel_round_altar, corexii_corridor_pit,
          uniq_edmund
D:7:      nicolae_overflow_hidden_temple, grunt_dithmenos_shadows
D:8:      david_lair_shrubbed, grunt_livestock
D:9:      orc_0_dummy, serial_shops, kennysheep_little_box, shop,
          nicolae_shop_window_shopping, shop, serial_glass, glass_columns_a,
          glass_columns_a
Lair:2:   swamp_mist_pool
Lair:3:   spider_nest_entry_web_field, lemuel_fruit_tree,
          minmay_lair_oklob_chamber, uniq_rupert, uniq_snorg, uniq_fannar
Orc:2:    st_orc_pillars

Skill      XL: |  1  2  3  4  5  6  7  8  9 10 11 12 13 |
---------------+----------------------------------------+-----
Fighting       | 4 5 6 7 8 9 11 12 | 12.1
Maces & Flails | 4 5 6 7 8 10 11 12 14 | 14.7
Armour         | 3 4 5 6 7 9 10 12 | 12.9
Dodging        | 2 3 4 5 |  5.1
Stealth        | 1 2 3 |  3.2
Evocations     | 1 |  1.0

Action                   |  1- 3 |  4- 6 |  7- 9 | 10-12 | 13-15 || total
-------------------------+-------+-------+-------+-------+-------++-------
Melee: Mace              |    84 |   276 |       |       |       ||   360
       Whip              |       |       |   652 |       |       ||   652
       Flail             |       |       |    14 |   989 |   286 ||  1289
Invok: Berserk           |       |     1 |     4 |    17 |     3 ||    25
       Burn Spellbooks   |       |       |     1 |       |       ||     1
       Trog's Hand       |       |       |       |     1 |     1 ||     2
       Brothers in Arms  |       |       |       |       |     1 ||     1
Evoke: Wand              |       |       |       |     6 |     5 ||    11
  Use: Scroll            |       |    10 |     5 |     6 |     2 ||    23
       Potion            |       |       |       |     6 |     5 ||    11
 Stab: Invisible         |       |       |       |     1 |     2 ||     3
  Eat: Chunk             |       |     7 |     7 |    26 |     8 ||    48
       Ration            |       |       |     8 |     6 |     1 ||    15
Armor: Chain mail        |    55 |   220 |   348 |   705 |   241 ||  1569
Dodge: Dodged            |    45 |   156 |   254 |   570 |   188 ||  1213
Block: Other             |       |       |       |       |    20 ||    20

Table legend:
 A = Spawn XP
 B = Non-spawn XP
 C = Spawn XP percentage of total XP
 D = Spawn monster count
 E = Non-spawn monster count
 F = Spawn count percentage of total count
 G = Total turns spent on level
                    A         B        C        D         E        F      G
               +---------+---------+-------+---------+---------+-------+---------
         Total |       0 |   45853 |   0.0 |       0 |     365 |   0.0 | 19101
               +---------+---------+-------+---------+---------+-------+---------
           D:1 |       0 |       7 |   0.0 |       0 |       6 |   0.0 |   497
           D:2 |       0 |      71 |   0.0 |       0 |      16 |   0.0 |   644
           D:3 |       0 |     104 |   0.0 |       0 |      20 |   0.0 |  1234
           D:4 |       0 |     339 |   0.0 |       0 |      27 |   0.0 |   890
           D:5 |       0 |    1394 |   0.0 |       0 |      18 |   0.0 |  1220
           D:6 |       0 |     939 |   0.0 |       0 |      32 |   0.0 |  1531
           D:7 |       0 |    1412 |   0.0 |       0 |      24 |   0.0 |   938
           D:8 |       0 |    2876 |   0.0 |       0 |      29 |   0.0 |  1397
           D:9 |       0 |    3184 |   0.0 |       0 |      17 |   0.0 |  1312
        Lair:1 |       0 |    1841 |   0.0 |       0 |       9 |   0.0 |   680
        Lair:2 |       0 |    2616 |   0.0 |       0 |      13 |   0.0 |  1159
        Lair:3 |       0 |   10175 |   0.0 |       0 |      23 |   0.0 |   972
         Orc:1 |       0 |   10914 |   0.0 |       0 |      78 |   0.0 |  4509
         Orc:2 |       0 |    9981 |   0.0 |       0 |      53 |   0.0 |  2118
               +---------+---------+-------+---------+---------+-------+---------
